[Event "53rd Women Tournament 2022"]
[Site "Belgrade"]
[Date "2022.03.28"]
[Round "1.1"]
[White "Toncheva, Nadya"]
[Black "Chelushkina, Irina"]
[Result "1/2-1/2"]
[ECO "A84"]
[WhiteElo "2207"]
[BlackElo "2183"]
[Annotator "NA"]
[PlyCount "85"]
[EventDate "2022.03.28"]
[EventType "tourn"]
[EventCountry "SRB"]
[SourceTitle "playchess.com"]
[Source "ChessBase"]
[SourceQuality "1"]
[TimeControl "40/5400+30:1800+30"]

1. d4 e6 2. c4 f5 3. Nc3 Nf6 4. e3 c6 5. Nf3 d5 6. Ne5 Bd6 7. f4 O-O 8. Be2 b6 9. O-O Bb7 10. b3 Na6 11. Bb2 Nc7 12. Qd3 Ne4 13. Rac1 Ne8 14. Nxe4 dxe4 15. Qc2 Nf6 16. Rfd1 Qe7 17. a4 a6 18. g4 Rfd8 19. g5 Ne8 20. c5 Bxe5 21. dxe5 b5 22. Kf2 Rd5 23. Rxd5 exd5 24. e6 Bc8 25. Qc3 Bxe6 26. Qd4 Bf7 27. h4 Kf8 28. h5 Bg8 29. Ra1 Ra7 30. Bc3 Qc7 31. Bb4 Bf7 32. Kg3 Qd7 33. axb5 axb5 34. Rxa7 Qxa7 35. Bxb5 Qa2 36. Bxc6 Qe2 37. Qd2 Qf3+ 38. Kh2 Qxh5+ 39. Kg1 Qg4+ 40. Kf1 Qf3+ 41. Kg1 Qg3+ 42. Kf1 Qf3+ 43. Kg1 1/2-1/2

[Event "53rd Women Tournament 2022"]
[Site "Belgrade"]
[Date "2022.03.28"]
[Round "1.3"]
[White "Lu, Miaoyi"]
[Black "Xu, Yuanyuan"]
[Result "1-0"]
[ECO "B82"]
[WhiteElo "2182"]
[BlackElo "2317"]
[Annotator "NA"]
[PlyCount "41"]
[EventDate "2022.03.28"]
[EventType "tourn"]
[EventCountry "SRB"]
[SourceTitle "playchess.com"]
[Source "ChessBase"]
[SourceQuality "1"]
[TimeControl "40/5400+30:1800+30"]

1. e4 c5 2. Nf3 e6 3. d4 cxd4 4. Nxd4 a6 5. Nc3 Qc7 6. Bd3 Nf6 7. f4 d6 8. Qf3 Be7 9. Be3 O-O 10. g4 Nc6 11. g5 Nd7 12. O-O-O b5 13. Nxc6 Qxc6 14. Kb1 Bb7 15. Qh3 Nc5 16. Nd5 Rfe8 17. Nf6+ Bxf6 18. gxf6 e5 19. Rhg1 Ne6 20. Rxg7+ Nxg7 21. Qg4 1-0

[Event "53rd Women Tournament 2022"]
[Site "Belgrade"]
[Date "2022.03.28"]
[Round "1.4"]
[White "Manakova, Maria"]
[Black "Srdanovic, Jovana"]
[Result "1-0"]
[ECO "B93"]
[WhiteElo "2257"]
[BlackElo "2194"]
[Annotator "NA"]
[PlyCount "81"]
[EventDate "2022.03.28"]
[EventType "tourn"]
[EventCountry "SRB"]
[SourceTitle "playchess.com"]
[Source "ChessBase"]
[SourceQuality "1"]
[TimeControl "40/5400+30:1800+30"]

1. e4 c5 2. Nf3 d6 3. d4 cxd4 4. Nxd4 Nf6 5. Nc3 a6 6. Be2 Nbd7 7. f4 g6 8. Bf3 Bg7 9. Be3 O-O 10. O-O e5 11. Nb3 exf4 12. Bxf4 Qb6+ 13. Kh1 Ne5 14. Qe1 Be6 15. Rd1 Rac8 16. Be2 Rfe8 17. Bg5 Nfd7 18. Qd2 Nc4 19. Bxc4 Rxc4 20. Nd5 Qa7 21. Rde1 a5 22. a4 b6 23. c3 Qb7 24. Nd4 Bxd4 25. cxd4 Bxd5 26. exd5 Rcc8 27. Be7 Qxd5 28. Qf4 Rc2 29. Qg4 f5 30. Qg3 Qxd4 31. Bxd6 Rxe1 32. Rxe1 Rc8 33. Qb3+ Kg7 34. Qe6 Qxa4 35. Be5+ Kh6 36. Bc3 Rc4 37. b3 Qxb3 38. Bd2+ Kh5 39. Qxd7 h6 40. Qh7 g5 41. Qxf5 1-0

[Event "53rd Women Tournament 2022"]
[Site "Belgrade"]
[Date "2022.03.28"]
[Round "1.5"]
[White "Navrotescu, Andreea"]
[Black "Benderac, Ana"]
[Result "1-0"]
[ECO "A28"]
[WhiteElo "2229"]
[BlackElo "2180"]
[Annotator "NA"]
[PlyCount "85"]
[EventDate "2022.03.28"]
[EventType "tourn"]
[EventCountry "SRB"]
[SourceTitle "playchess.com"]
[Source "ChessBase"]
[SourceQuality "1"]
[TimeControl "40/5400+30:1800+30"]

1. c4 e5 2. Nc3 Nf6 3. Nf3 Nc6 4. e3 h6 5. Qc2 d6 6. a3 Bg4 7. b4 Qd7 8. Bb2 a5 9. b5 Nd8 10. Be2 Ne6 11. h3 Bh5 12. Nd5 Bg6 13. Nxf6+ gxf6 14. Qd1 a4 15. d4 Rg8 16. Nh4 Ng5 17. Nxg6 Rxg6 18. h4 Ne4 19. Bf3 f5 20. h5 Re6 21. g4 exd4 22. gxf5 Re5 23. Bxd4 Qxf5 24. Bxe5 Qxe5 25. Qd4 Nc5 26. Qxe5+ dxe5 27. O-O-O e4 28. Be2 Be7 29. Rhg1 Kf8 30. Kb2 b6 31. Ka2 Bh4 32. Rg2 Re8 33. Rd5 Re6 34. Rh2 Be7 35. Bg4 Rf6 36. Bf5 c6 37. bxc6 Rxc6 38. Rg2 Nb3 39. Bxe4 Rxc4 40. Bh7 Nc1+ 41. Kb1 Bxa3 42. Rd7 Ke8 43. Ra7 1-0

[Event "53rd Women Tournament 2022"]
[Site "Belgrade"]
[Date "2022.03.29"]
[Round "2.3"]
[White "Xu, Yuanyuan"]
[Black "Manakova, Maria"]
[Result "0-1"]
[ECO "A16"]
[WhiteElo "2317"]
[BlackElo "2257"]
[Annotator "NA"]
[PlyCount "156"]
[EventDate "2022.03.28"]
[EventType "tourn"]
[EventCountry "SRB"]
[SourceTitle "playchess.com"]
[Source "ChessBase"]
[SourceQuality "1"]
[TimeControl "40/5400+30:1800+30"]

1. Nf3 Nf6 2. c4 g6 3. Nc3 d5 4. cxd5 Nxd5 5. h4 Bg7 6. h5 Nc6 7. h6 Bf6 8. Ne4 e5 9. Nxf6+ Qxf6 10. d3 Qd6 11. g3 f6 12. Bg2 Be6 13. Nd2 f5 14. Nc4 Qd7 15. Bg5 O-O 16. Rc1 f4 17. Nd2 fxg3 18. fxg3 Nd4 19. Nf3 Nf5 20. Qd2 Nxg3 21. Nxe5 Qd6 22. Nc4 Qd7 23. Rg1 Bh3 24. Bxd5+ Qxd5 25. Qc3 Nf5 26. e4 Qd4 27. Ne3 Qxc3+ 28. Rxc3 Nxe3 29. Bxe3 c6 30. d4 Be6 31. a3 Rae8 32. Kd2 Bd7 33. e5 Be6 34. b4 a6 35. Ke2 Bd5 36. Bg5 Rf5 37. Re3 Bc4+ 38. Ke1 b5 39. Reg3 Kf7 40. R1g2 Rf1+ 41. Kd2 Ke6 42. Rg1 Rf2+ 43. Ke3 Re2+ 44. Kf3 Kd5 45. Rd1 Rf8+ 46. Bf6 Rh2 47. Ke3 Rf7 48. Rgg1 Rh3+ 49. Kf4 Rxh6 50. Rh1 Rxh1 51. Rxh1 Ke6 52. Kg5 Rd7 53. Rh4 Bd3 54. Kh6 Bf5 55. Rf4 Kd5 56. Bg7 Bd3 57. Rf8 g5 58. Bf6 g4 59. Bh4 Bc4 60. Rf4 Be2 61. Rf6 Bd3 62. Rf4 Kc4 63. Rxg4 Rxd4 64. Rxd4+ Kxd4 65. e6 Kc3 66. e7 Bg6 67. Kg7 Kb2 68. Bg3 Kxa3 69. Bd6 Ka4 70. e8=Q Bxe8 71. Kxh7 a5 72. bxa5 Kxa5 73. Kh6 b4 74. Kg5 Kb5 75. Kf4 Kc4 76. Ke3 Kc3 77. Ke2 Bh5+ 78. Ke3 b3 0-1

[Event "53rd Women Tournament 2022"]
[Site "Belgrade"]
[Date "2022.03.29"]
[Round "2.5"]
[White "Toncheva, Nadya"]
[Black "Grozdanovic, Anastasia"]
[Result "1-0"]
[ECO "B19"]
[WhiteElo "2207"]
[BlackElo "2005"]
[Annotator "NA"]
[PlyCount "95"]
[EventDate "2022.03.28"]
[EventType "tourn"]
[EventCountry "SRB"]
[SourceTitle "playchess.com"]
[Source "ChessBase"]
[SourceQuality "1"]
[TimeControl "40/5400+30:1800+30"]

1. e4 c6 2. d4 d5 3. Nc3 dxe4 4. Nxe4 Bf5 5. Ng3 Bg6 6. h4 h6 7. Nf3 Nd7 8. Bd3 Bxd3 9. Qxd3 Qc7 10. Bd2 Ngf6 11. Ne4 e6 12. O-O-O Rd8 13. Nxf6+ Nxf6 14. Qe2 c5 15. dxc5 Bxc5 16. Bc3 Rxd1+ 17. Rxd1 O-O 18. Kb1 Rd8 19. Rxd8+ Qxd8 20. Bxf6 Qxf6 21. a3 Bb6 22. Ka2 Qg6 23. g3 Qh5 24. b4 a5 25. c4 axb4 26. axb4 Qg4 27. Kb3 Qf5 28. Kb2 Bd8 29. Qe3 Bf6+ 30. Kc1 Qg4 31. Qd3 Qh3 32. Kd2 Qh1 33. Ne1 Be7 34. c5 Qc6 35. Qd4 Bf6 36. Qc4 Qd7+ 37. Ke2 e5 38. Nc2 Qf5 39. Ne3 Qb1 40. b5 e4 41. c6 bxc6 42. bxc6 Bd8 43. Nc2 Qb6 44. Qxe4 Kf8 45. Ne3 Qb2+ 46. Kf1 Bb6 47. Kg2 Qf6 48. Qb4+ 1-0

[Event "53rd Women Tournament 2022"]
[Site "Belgrade"]
[Date "2022.03.30"]
[Round "3.1"]
[White "Grozdanovic, Anastasia"]
[Black "Chelushkina, Irina"]
[Result "0-1"]
[ECO "A95"]
[WhiteElo "2005"]
[BlackElo "2183"]
[Annotator "NA"]
[PlyCount "122"]
[EventDate "2022.03.28"]
[EventType "tourn"]
[EventCountry "SRB"]
[SourceTitle "playchess.com"]
[Source "ChessBase"]
[SourceQuality "1"]
[TimeControl "40/5400+30:1800+30"]

1. d4 e6 2. c4 f5 3. Nf3 Nf6 4. g3 Be7 5. Bg2 O-O 6. O-O d5 7. Nc3 c6 8. Re1 Na6 9. a3 Bd7 10. b4 Nc7 11. Bb2 Be8 12. c5 Nd7 13. a4 g5 14. e3 Bf6 15. Ne2 Bh5 16. Ne5 Bxe5 17. dxe5 a5 18. bxa5 Rxa5 19. Bc3 Ra8 20. Bd4 Na6 21. Qc2 Qa5 22. Rec1 Naxc5 23. g4 Bg6 24. Bxc5 f4 25. Qc3 Nxc5 26. Qxc5 f3 27. Qxa5 Rxa5 28. Bxf3 Rxf3 29. Nd4 Rf7 30. Nxe6 Re7 31. Nxg5 Rxe5 32. Nf3 Re4 33. h3 Rexa4 34. Rxa4 Rxa4 35. Ne5 Be8 36. f4 Kf8 37. Kf2 Ke7 38. g5 Ke6 39. Ng4 Bg6 40. Nf6 h5 41. Rc3 h4 42. Rb3 b5 43. Rb2 Bf5 44. Kf3 Ra3 45. Ne8 Bg6 46. Ng7+ Kf7 47. f5 Kxg7 48. fxg6 Ra4 49. Rg2 Kxg6 50. Rg1 Rc4 51. Ke2 b4 52. Kd3 c5 53. Kd2 Re4 54. Kd3 c4+ 55. Kd2 d4 56. exd4 Rxd4+ 57. Kc2 Rf4 58. Rg2 Rf3 59. Rg4 b3+ 60. Kb2 Rf2+ 61. Kc3 Rc2+ 0-1

[Event "53rd Women Tournament 2022"]
[Site "Belgrade"]
[Date "2022.03.30"]
[Round "3.2"]
[White "Lu, Miaoyi"]
[Black "Toncheva, Nadya"]
[Result "1-0"]
[ECO "B48"]
[WhiteElo "2182"]
[BlackElo "2207"]
[Annotator "NA"]
[PlyCount "69"]
[EventDate "2022.03.28"]
[EventType "tourn"]
[EventCountry "SRB"]
[SourceTitle "playchess.com"]
[Source "ChessBase"]
[SourceQuality "1"]
[TimeControl "40/5400+30:1800+30"]

1. e4 c5 2. Nc3 Nc6 3. Nf3 e6 4. d4 cxd4 5. Nxd4 Qc7 6. Be3 a6 7. Qd2 Nf6 8. f4 Bb4 9. Bd3 Na5 10. a3 Bxc3 11. Qxc3 Qxc3+ 12. bxc3 d5 13. exd5 exd5 14. Nb3 Nc4 15. Bd4 O-O 16. O-O Ne4 17. Rfe1 Ncd6 18. Nc5 Bf5 19. Na4 Rad8 20. Nb6 Nc8 21. Nxd5 Rxd5 22. Bxe4 Bxe4 23. Rxe4 Rfd8 24. Rae1 f5 25. R4e3 Kf7 26. Rg3 g6 27. Rh3 h5 28. Rhe3 Ra5 29. Re6 Rd6 30. Re8 Rc6 31. Rh8 Rxa3 32. Ree8 Ra1+ 33. Kf2 Ne7 34. Rhf8+ Ke6 35. Rd8 1-0

[Event "53rd Women Tournament 2022"]
[Site "Belgrade"]
[Date "2022.03.31"]
[Round "4.1"]
[White "Chelushkina, Irina"]
[Black "Srdanovic, Jovana"]
[Result "1-0"]
[ECO "D00"]
[WhiteElo "2183"]
[BlackElo "2194"]
[Annotator "NA"]
[PlyCount "73"]
[EventDate "2022.03.28"]
[EventType "tourn"]
[EventCountry "SRB"]
[SourceTitle "playchess.com"]
[Source "ChessBase"]
[SourceQuality "1"]
[TimeControl "40/5400+30:1800+30"]

1. d4 d5 2. e3 Nf6 3. Bd3 c5 4. c3 Nc6 5. f4 g6 6. Nf3 Bg7 7. O-O Bf5 8. Be2 Ne4 9. Nbd2 cxd4 10. exd4 Nxd2 11. Bxd2 a6 12. Kh1 Qd7 13. b4 Na7 14. a4 Nc8 15. Qb3 O-O 16. Ne5 Qd8 17. Bf3 Be6 18. a5 b6 19. Qa2 f6 20. Nd3 Bf7 21. Rfe1 bxa5 22. bxa5 e6 23. Nc5 Re8 24. c4 e5 25. cxd5 exd4 26. Ne6 Qd6 27. Rac1 Na7 28. f5 gxf5 29. Bf4 Qb4 30. Rb1 Qc3 31. Rec1 Nb5 32. Rxc3 Nxc3 33. Qa1 Nxb1 34. Qxb1 Bxe6 35. dxe6 Rad8 36. Qxf5 d3 37. Bd2 1-0

[Event "53rd Women Tournament 2022"]
[Site "Belgrade"]
[Date "2022.03.31"]
[Round "4.2"]
[White "Xu, Yuanyuan"]
[Black "Benderac, Ana"]
[Result "1-0"]
[ECO "D36"]
[WhiteElo "2317"]
[BlackElo "2180"]
[Annotator "NA"]
[PlyCount "57"]
[EventDate "2022.03.28"]
[EventType "tourn"]
[EventCountry "SRB"]
[SourceTitle "playchess.com"]
[Source "ChessBase"]
[SourceQuality "1"]
[TimeControl "40/5400+30:1800+30"]

1. d4 d5 2. c4 e6 3. Nc3 Nf6 4. cxd5 exd5 5. Bg5 c6 6. Qc2 Be7 7. e3 O-O 8. Bd3 Nbd7 9. Nge2 Re8 10. f3 Nf8 11. O-O h6 12. Bh4 Ne6 13. Rad1 b6 14. Kh1 Bb7 15. Bf5 Ng5 16. Bf2 Bc8 17. Bd3 Bb7 18. e4 dxe4 19. fxe4 Ne6 20. Bg1 c5 21. d5 Nc7 22. e5 Nfxd5 23. Bh7+ Kh8 24. Rxf7 Rf8 25. Rxg7 Kxg7 26. Qg6+ Kh8 27. Bg8 Nf6 28. exf6 Bxg2+ 29. Qxg2 1-0

[Event "53rd Women Tournament 2022"]
[Site "Belgrade"]
[Date "2022.03.31"]
[Round "4.3"]
[White "Kovacevic, Radmila"]
[Black "Navrotescu, Andreea"]
[Result "0-1"]
[ECO "C56"]
[WhiteElo "2072"]
[BlackElo "2229"]
[Annotator "NA"]
[PlyCount "62"]
[EventDate "2022.03.28"]
[EventType "tourn"]
[EventCountry "SRB"]
[SourceTitle "playchess.com"]
[Source "ChessBase"]
[SourceQuality "1"]
[TimeControl "40/5400+30:1800+30"]

1. e4 e5 2. Nf3 Nc6 3. Bc4 Nf6 4. O-O Be7 5. d4 exd4 6. e5 Ne4 7. Bd5 Nc5 8. Nxd4 Nxe5 9. Re1 d6 10. f4 Ng6 11. b4 Na6 12. b5 Nc5 13. Qh5 O-O 14. f5 Ne5 15. a4 Ncd7 16. Bb3 Nf6 17. Qh3 c5 18. Nf3 c4 19. Ba2 Neg4 20. Nd4 d5 21. c3 Re8 22. Bf4 Bd6 23. Rf1 Bxf4 24. Rxf4 Re1+ 25. Rf1 Rxf1+ 26. Kxf1 Qd6 27. Kg1 Qf4 28. Na3 Qf2+ 29. Kh1 Qb2 30. Rf1 Nf2+ 31. Rxf2 Qc1+ 0-1

[Event "53rd Women Tournament 2022"]
[Site "Belgrade"]
[Date "2022.03.31"]
[Round "4.4"]
[White "Toncheva, Nadya"]
[Black "Manakova, Maria"]
[Result "1-0"]
[ECO "B22"]
[WhiteElo "2207"]
[BlackElo "2257"]
[Annotator "NA"]
[PlyCount "85"]
[EventDate "2022.03.28"]
[EventType "tourn"]
[EventCountry "SRB"]
[SourceTitle "playchess.com"]
[Source "ChessBase"]
[SourceQuality "1"]
[TimeControl "40/5400+30:1800+30"]

1. e4 c5 2. Nf3 Nc6 3. c3 e6 4. d4 d5 5. exd5 exd5 6. Bd3 Bd6 7. O-O Nge7 8. dxc5 Bxc5 9. Qc2 Bg4 10. Nbd2 Qb6 11. Nb3 Bxf3 12. Nxc5 Qxc5 13. gxf3 Qd6 14. Re1 h6 15. Qa4 O-O 16. Qf4 Qxf4 17. Bxf4 Ng6 18. Bg3 Rfe8 19. Kg2 Nge5 20. Bb5 f6 21. Rad1 Red8 22. Ba4 Kf8 23. Bf4 Ng6 24. Be3 Nh4+ 25. Kg3 Nf5+ 26. Kf4 Nce7 27. Bc2 Nd6 28. Bc5 b6 29. Ba3 Rd7 30. Bb3 g5+ 31. Kg4 h5+ 32. Kh3 Ng6 33. Bxd5 Nf4+ 34. Kg3 Rad8 35. Bc6 Re7 36. Rxd6 Rxe1 37. Re6+ Kg7 38. Rxe1 h4+ 39. Kg4 Nd3 40. Re7+ Kh6 41. Kf5 Ne5 42. Be4 Ng6 43. Rxa7 1-0

[Event "53rd Women Tournament 2022"]
[Site "Belgrade"]
[Date "2022.03.31"]
[Round "4.5"]
[White "Grozdanovic, Anastasia"]
[Black "Lu, Miaoyi"]
[Result "1/2-1/2"]
[ECO "D87"]
[WhiteElo "2005"]
[BlackElo "2182"]
[Annotator "NA"]
[PlyCount "57"]
[EventDate "2022.03.28"]
[EventType "tourn"]
[EventCountry "SRB"]
[SourceTitle "playchess.com"]
[Source "ChessBase"]
[SourceQuality "1"]
[TimeControl "40/5400+30:1800+30"]

1. d4 Nf6 2. c4 g6 3. Nc3 d5 4. cxd5 Nxd5 5. e4 Nxc3 6. bxc3 Bg7 7. Bc4 c5 8. Ne2 Nc6 9. Be3 O-O 10. O-O b6 11. dxc5 Qc7 12. cxb6 axb6 13. Rb1 Ne5 14. Bd5 Rb8 15. f3 Ba6 16. Bd4 e6 17. Bb3 Rfd8 18. f4 Nc6 19. e5 Nxd4 20. cxd4 Bxe2 21. Qxe2 Rxd4 22. Rbc1 Qd7 23. Rcd1 Bf8 24. Kh1 Bc5 25. Rxd4 Qxd4 26. Qf3 Qd7 27. g4 Qb7 28. Qxb7 Rxb7 29. Kg2 1/2-1/2

[Event "53rd Women Tournament 2022"]
[Site "Belgrade"]
[Date "2022.04.01"]
[Round "5.1"]
[White "Lu, Miaoyi"]
[Black "Chelushkina, Irina"]
[Result "1-0"]
[ECO "B30"]
[WhiteElo "2182"]
[BlackElo "2183"]
[Annotator "ChessBase"]
[PlyCount "115"]
[EventDate "2022.03.28"]
[EventType "tourn"]
[EventCountry "SRB"]
[SourceTitle "playchess.com"]
[Source "ChessBase"]
[SourceQuality "1"]
[TimeControl "40/5400+30:1800+30"]

1. e4 c5 2. Nf3 Nc6 3. Bb5 Na5 4. O-O a6 5. Be2 d6 6. d4 cxd4 7. Nxd4 e5 8. Nf3 Nf6 9. Nc3 Be7 10. Nd5 Nc6 11. Nxe7 Nxe7 12. Qd3 O-O 13. Rd1 Nc6 14. Bg5 Be6 15. Qa3 h6 16. Rxd6 Qe7 17. Bxf6 Qxf6 18. Rad1 Qf4 19. Qe3 Qxe3 20. fxe3 Rfc8 21. c4 Kf8 22. a3 Ke7 23. b4 a5 24. b5 Nd4 25. exd4 Kxd6 26. c5+ Ke7 27. Nxe5 g5 28. Nc4 Bxc4 29. Bxc4 b6 30. c6 f6 31. Kf2 Rd8 32. Ke3 Rd6 33. Rf1 Rf8 34. Rf5 Rdd8 35. Be2 Kd6 36. Rd5+ Kc7 37. Rxd8 Rxd8 38. Bg4 Re8 39. Kf3 Kd6 40. a4 Rh8 41. Bd7 h5 42. Ke3 Rf8 43. Kd3 Rf7 44. Be8 Rh7 45. Kc4 Re7 46. Bg6 h4 47. h3 Rg7 48. Bf5 Rf7 49. Kd3 Rf8 50. Ke3 Kc7 51. Kf3 Re8 52. Kg4 Kd6 53. Kh5 Rg8 54. Kh6 Kc7 55. Kh7 Rd8 56. Bd7 Kd6 57. Kg7 Ke7 58. Kh7 1-0

[Event "53rd Women Tournament 2022"]
[Site "Belgrade"]
[Date "2022.04.01"]
[Round "5.2"]
[White "Manakova, Maria"]
[Black "Grozdanovic, Anastasia"]
[Result "1/2-1/2"]
[ECO "B12"]
[WhiteElo "2257"]
[BlackElo "2005"]
[Annotator "TA"]
[PlyCount "52"]
[EventDate "2022.03.28"]
[EventType "tourn"]
[EventCountry "SRB"]
[SourceTitle "playchess.com"]
[Source "ChessBase"]
[SourceQuality "1"]
[TimeControl "40/5400+30:1800+30"]

1. e4 c6 2. d4 d5 3. e5 c5 4. c3 Nc6 5. Nf3 Bg4 6. Be2 e6 {[%emt 0:02:12] B12: Caro-Kann: Advance Variation.} 7. Be3 Qb6 8. Qd2 (8. Nbd2 $11) 8... Nh6 $15 {[%emt 0:03:39] Black is slightly better.} 9. O-O Nf5 (9... Bxf3 $5 10. Bxf3 Nf5 $15) 10. dxc5 $1 Bxc5 11. Bxc5 Qxc5 {[%emt 0:00:04] [#]} 12. Re1 $146 ({Predecessor:} 12. Qf4 Bxf3 13. Bxf3 Qb6 14. Bxd5 exd5 15. Qxf5 Qxb2 16. e6 O-O 17. Qxd5 Qxa1 18. Qd2 fxe6 {0-1 (35) Vorotnikov,V (2505)-Guliev,S (2505) Moscow 1996}) 12... O-O 13. Na3 Rfd8 (13... Nfe7 $17) 14. Nd4 $11 {[%emt 0:05:47] [#] Threatens to win with Nb3.} Bxe2 (14... Ncxd4 $2 15. cxd4 (15. Bxg4 Nc6 $14) 15... Qxd4 16. Qxd4 Nxd4 17. Bxg4 $18) ({Resist} 14... Nxe5 15. Qf4 Bxe2 16. Qxe5 $14) 15. Nxf5 exf5 16. Rxe2 d4 17. Rae1 dxc3 18. Qxc3 Qxc3 19. bxc3 Rd3 20. Nb5 g6 21. e6 (21. f4 $11) 21... fxe6 $15 22. Rxe6 Rad8 {[%emt 0:02:04] Against Nd6} 23. c4 Nd4 (23... R8d7 $15 24. c5 R3d5) 24. Nxd4 $11 {[%emt 0:06:02] The position is equal.} R3xd4 25. c5 Rd1 26. Kf1 Rxe1+ {[%emt 0:00:08] Weighted Error Value: White=0.15 (very precise) /Black=0.19 (very precise)} 1/2-1/2

[Event "53rd Women Tournament 2022"]
[Site "Belgrade"]
[Date "2022.04.01"]
[Round "5.3"]
[White "Navrotescu, Andreea"]
[Black "Toncheva, Nadya"]
[Result "1/2-1/2"]
[ECO "A35"]
[WhiteElo "2229"]
[BlackElo "2207"]
[Annotator "NA"]
[PlyCount "81"]
[EventDate "2022.03.28"]
[EventType "tourn"]
[EventCountry "SRB"]
[SourceTitle "playchess.com"]
[Source "ChessBase"]
[SourceQuality "1"]
[TimeControl "40/5400+30:1800+30"]

1. c4 c5 2. Nc3 g6 3. Nf3 Nc6 4. e3 Nf6 5. d4 cxd4 6. exd4 d5 7. cxd5 Nxd5 8. Qb3 Nxc3 9. Bc4 Nd5 10. Bxd5 e6 11. Bxc6+ bxc6 12. O-O Qd5 13. Qe3 f6 14. Bd2 Be7 15. Bc3 Kf7 16. Rfe1 g5 17. a3 g4 18. Nd2 h5 19. Bb4 Bxb4 20. axb4 h4 21. Ra5 Qd6 22. Rc5 Bd7 23. Nc4 Qb8 24. Rxc6 Bxc6 25. Qxe6+ Kg7 26. Qxg4+ Kf7 27. Qe6+ Kg7 28. Nd6 Qc7 29. Nf5+ Kg6 30. Ne7+ Qxe7 31. Qg4+ Kf7 32. Rxe7+ Kxe7 33. Qf4 Rac8 34. f3 Kf7 35. Qf5 Rhg8 36. d5 Bb5 37. Qe6+ Kg7 38. Qg4+ Kf7 39. Qe6+ Kg7 40. Qg4+ Kf7 41. Qe6+ 1/2-1/2

[Event "53rd Women Tournament 2022"]
[Site "Belgrade"]
[Date "2022.04.01"]
[Round "5.4"]
[White "Benderac, Ana"]
[Black "Kovacevic, Radmila"]
[Result "0-1"]
[ECO "D00"]
[WhiteElo "2180"]
[BlackElo "2072"]
[Annotator "TA"]
[PlyCount "84"]
[EventDate "2022.03.28"]
[EventType "tourn"]
[EventCountry "SRB"]
[SourceTitle "playchess.com"]
[Source "ChessBase"]
[SourceQuality "1"]
[TimeControl "40/5400+30:1800+30"]

1. d4 Nf6 2. Nc3 d5 3. Nf3 g6 4. Bf4 Bg7 5. e3 Bg4 6. h3 {[%emt 0:00:59] D00: 1 d4 d5: Unusual lines.} Bxf3 7. Qxf3 c6 8. Bd3 {[%emt 0:06:00] White is slightly better.} Nbd7 9. O-O Nh5 {[%emt 0:00:28] [#]} 10. Bh2 $146 ({Predecessor:} 10. Bg5 Qb6 11. g4 Qxb2 12. Nxd5 cxd5 13. gxh5 e6 14. Rab1 Qc3 15. Rxb7 Qc6 16. Rfb1 {1-0 (31) Ridzvanavicius,J (2048)-Mecelica,E (1568) Lithuania 2019}) 10... O-O 11. g4 Nhf6 12. Qg2 Re8 13. f4 Kh8 (13... e6 $11) 14. Ne2 e6 15. c3 c5 16. Kh1 Qb6 17. Ng3 Rac8 18. Rae1 Qa5 19. a3 Ng8 20. f5 c4 {[%emt 0:05:35] [#]} (20... Qd8 $142) 21. fxg6 $1 fxg6 22. Bb1 e5 23. dxe5 ({White should try} 23. g5 $16) 23... Nxe5 $14 24. e4 d4 25. cxd4 Nd3 26. Rd1 Qb5 {[%emt 0:01:22][%mdl 8192] [#]} (26... Bxd4 $14 27. Bxd3 cxd3) 27. e5 $1 $18 Nxb2 28. Ne4 {[%emt 0:00:36] Threatens to win with Nd6.} Red8 (28... Rcd8 {was worth a try.}) 29. Nd6 $2 (29. Rde1 $18) 29... Rxd6 $1 $14 30. exd6 Nxd1 31. Rxd1 Qb3 32. Bc2 Qxa3 33. Be5 Nf6 {[%emt 0:00:09] And now ...Nd7 would win.} 34. Rf1 Nd7 35. Qh2 (35. Bf5 $1 $11 {and White is okay.} gxf5 36. Bxg7+ Kxg7 37. gxf5+ Kf7 38. f6) 35... Re8 36. Be4 (36. Qg3 $17 Qa5 37. Qe1 Qxe1 38. Rxe1 Bxe5 39. Ba4) 36... Bxe5 $19 37. dxe5 Rxe5 (37... Nxe5 $2 {[#]} 38. Rf8+ $3 Kg7 39. Rxe8 $18) ({Better is} 37... Kg7 $19 38. Rb1 Qe3) 38. Bxb7 $2 (38. Rf8+ $17 Kg7 39. Rd8 Rxe4 40. Rxd7+ Kh6 41. Re7 Rxe7 42. Qf4+ Kg7 43. dxe7 Qxe7 44. Qxc4) 38... Qxd6 {[%emt 0:00:08] aiming for ...Qd3.} 39. Qb2 (39. Be4 $142) 39... Qd3 40. Bg2 c3 41. Qb3 (41. Qa1 $142) 41... Qd2 {[%emt 0:08:51] Hoping for ...Re1.} 42. Rf7 c2 {[%emt 0:02:58] Quite a comeback for Black.  Weighted Error Value: White=0.70/Black=0.36} 0-1

[Event "53rd Women Tournament 2022"]
[Site "Belgrade"]
[Date "2022.04.01"]
[Round "5.5"]
[White "Srdanovic, Jovana"]
[Black "Xu, Yuanyuan"]
[Result "0-1"]
[ECO "E12"]
[WhiteElo "2194"]
[BlackElo "2317"]
[Annotator "NA"]
[PlyCount "84"]
[EventDate "2022.03.28"]
[EventType "tourn"]
[EventCountry "SRB"]
[SourceTitle "playchess.com"]
[Source "ChessBase"]
[SourceQuality "1"]
[TimeControl "40/5400+30:1800+30"]

1. d4 Nf6 2. c4 b6 3. Nc3 Bb7 4. Nf3 e6 5. a3 d5 6. Bg5 Nbd7 7. e3 h6 8. Bh4 g5 9. Bg3 Ne4 10. cxd5 Nxg3 11. hxg3 exd5 12. Qb3 c6 13. Bd3 Bg7 14. a4 O-O 15. Qc2 c5 16. Bh7+ Kh8 17. O-O-O Rc8 18. Bf5 cxd4 19. exd4 Rc7 20. Qd2 Kg8 21. Rh2 Qf6 22. g4 Re8 23. Kb1 Nf8 24. Nb5 Rce7 25. Nc3 Ne6 26. Rhh1 Nf4 27. g3 Ne2 28. Rhe1 Nxc3+ 29. Qxc3 Qc6 30. Qb4 a5 31. Qxe7 Rxe7 32. Re3 Rc7 33. Re5 Re7 34. Rxe7 Ba6 35. Bc2 Bf6 36. Re3 Qd7 37. Nh2 b5 38. axb5 Bxb5 39. Bf5 Qd6 40. Nf3 Qb4 41. Rc3 Be2 42. Rc8+ Kg7 0-1

[Event "53rd Women Tournament 2022"]
[Site "Belgrade"]
[Date "2022.04.02"]
[Round "6.1"]
[White "Chelushkina, Irina"]
[Black "Xu, Yuanyuan"]
[Result "0-1"]
[ECO "A34"]
[WhiteElo "2183"]
[BlackElo "2317"]
[Annotator "NA"]
[PlyCount "67"]
[EventDate "2022.03.28"]
[EventType "tourn"]
[EventCountry "SRB"]
[SourceTitle "playchess.com"]
[Source "ChessBase"]
[SourceQuality "1"]
[TimeControl "40/5400+30:1800+30"]

1. c4 b6 2. Nc3 c5 3. d3 Bb7 4. Nf3 e6 5. e4 Ne7 6. Bf4 Ng6 7. Bg3 Nc6 8. h4 h5 9. Be2 Be7 10. d4 cxd4 11. Nxd4 a6 12. Nxc6 Bxc6 13. Qd4 Nxh4 14. O-O-O Bf6 15. Qd3 Ng6 16. Bxh5 Ne5 17. Qf1 b5 18. Be2 Rxh1 19. Qxh1 Qa5 20. f4 Nxc4 21. e5 Be7 22. Bxc4 bxc4 23. Bf2 O-O-O 24. Qf1 Bc5 25. Bd4 d5 26. exd6 Bxd6 27. Qxc4 Bxf4+ 28. Kb1 Kb7 29. Rf1 Qf5+ 30. Ka1 Bb5 31. Qb4 Rxd4 32. Qxd4 Bxf1 33. Ne4 Qd5 34. Qd1 0-1